 Dungeon Crawl Stone Soup version 0.20.1-1-g8b1a95d (webtiles) character file.

98 Hopiakuusi the Sneak (level 5, -9/34 HPs)
             Began as a Halfling Assassin on Aug 22, 2017.
             Was an Initiate of Ashenzari.
             Killed by nerve-wracking pain
             ... invoked by an orc priest
              (13 damage)
             ... on level 3 of the Dungeon.
             The game lasted 00:13:27 (2831 turns).

Hopiakuusi the Sneak (Halfling Assassin)            Turns: 2831, Time: 00:13:28

Health: -9/34      AC:  3    Str: 12    XL:     5   Next: 0%
Magic:  5/5        EV: 14    Int:  9    God:    Ashenzari [......]
Gold:   112        SH:  0    Dex: 17    Spells: 4/4 levels left

rFire    . . .     SeeInvis .   a - +2 dagger
rCold    . . .     Gourm    .   (shield restricted)
rNeg     . . .     Faith    .   c - +0 robe (curse)
rPois    .         Spirit   .   (no helmet)
rElec    .         Reflect  .   d - +0 cloak (curse)
rCorr    .         Harm     .   (no gloves)
MR       .....                  (no boots)
Stlth    +++.......             (no amulet)
Regen    0.2/turn               (no ring)
MPRegen  0.1/turn               (no ring)

@: no status effects
A: mutation resistance 1
a: Curse Item, Renounce Religion


You were on level 3 of the Dungeon.
You worshipped Ashenzari.
Ashenzari was noncommittal.
You were not hungry.

You visited 1 branch of the dungeon, and saw 3 of its levels.

You collected 112 gold pieces.

Inventory:

Hand Weapons
 a - a +2 dagger (weapon)
 b - a +0 blowgun
 q - a +0 hunting sling
Missiles
 e - 8 poisoned needles
 f - 2 curare-tipped needles
Armour
 c - a cursed +0 robe (worn)
 d - a cursed +0 cloak (worn)
Jewellery
 j - an uncursed amulet of rage
 t - an uncursed ring of poison resistance
Scrolls
 h - 2 scrolls of amnesia {unknown}
 k - 2 scrolls of blinking {unknown}
 m - a scroll of identify {unknown}
 s - a scroll of enchant weapon {unknown}
 u - a scroll of enchant armour {unknown}
Potions
 i - 2 potions of might {unknown}
 l - a potion of berserk rage {unknown}
 o - a potion of magic {unknown}
 p - a potion of curing {unknown}
 r - a potion of heal wounds {unknown}
Comestibles
 g - 2 bread rations
 n - a meat ration


   Skills:
 + Level 2.1 Fighting
 + Level 2.8 Short Blades
 - Level 2.0 Throwing
 + Level 1.1 Dodging
 * Level 6.5 Stealth


You had 4 spell levels left.
You didn't know any spells.

Dungeon Overview and Level Annotations

Branches:
Dungeon (3/15)

Altars:
Ashenzari
Nemelex Xobeh
The Shining One


Innate Abilities, Weirdness & Mutations

You are small and have problems with some larger weapons.
You are somewhat resistant to further mutation.


Message History

The orc priest is lightly wounded.
You hit the orc priest but do no damage.
The orc priest is lightly wounded.
The orc priest completely misses you.
You barely miss the orc priest.
The orc priest is lightly wounded.
The orc priest barely misses you.
You barely miss the orc priest.
The orc priest is lightly wounded.
The orc priest hits you with a flail!
* * * LOW HITPOINT WARNING * * *
The orc priest looks satisfied for a moment.
The orc priest looks braver for a moment.
There is a stone staircase leading down here.
The orc priest invokes the aid of Beogh against you.
Pain shoots through your body!
* * * LOW HITPOINT WARNING * * *
The orc priest invokes the aid of Beogh against you.
Pain shoots through your body!
You die...

..# ..# #+#.# #.#.#
########.#.##########
...........[).......#
#####......########.#
#...............#########
#......o....@...)...>.<.#
#......##################
.# #.....>'.........# .#
#......#########.# .#
#................# .#
######.########### .# #.#
.# #.# !# #.#


You could see an orc priest.

Vanquished Creatures
  3 adders
  4 dart slugs (D:1)
  3 leopard geckos
  3 orcs (D:3)
  2 ball pythons
  11 bats
  4 giant cockroaches (D:2)
  4 goblins
  7 hobgoblins
  A quokka (D:2)
  3 frilled lizards (D:2)
  3 kobolds (D:1)
  8 rats
56 creatures vanquished.

Notes
Turn   | Place    | Note
-------+----------+-------------------------------------------
     0 | D:1      | Hopiakuusi the Halfling Assassin began the quest for the Orb.
     0 | D:1      | Reached XP level 1. HP: 14/14 MP: 1/1
   212 | D:1      | Reached XP level 2. HP: 14/19 MP: 2/2
   324 | D:1      | Reached skill level 5 in Stealth
   591 | D:1      | Reached XP level 3. HP: 24/24 MP: 3/3
  1067 | D:2      | Found a glowing golden altar of the Shining One.
  1284 | D:2      | Found a shattered altar of Ashenzari.
  1303 | D:2      | Reached XP level 4. HP: 29/29 MP: 4/4
  1312 | D:2      | Became a worshipper of Ashenzari the Shackled
  1355 | D:2      | Reached skill level 6 in Stealth
  1384 | D:2      | Found a sparkling altar of Nemelex Xobeh.
  2576 | D:3      | Reached XP level 5. HP: 16/34 MP: 5/5
  2831 | D:3      | Killed from afar by an orc priest

Skill      XL: |  1  2  3  4 |
---------------+-------------+-----
Stealth        | 5 6 |  6.5
Fighting       | 2 |  2.1
Short Blades   | |  2.8
Throwing       | |  2.0
Dodging        | |  1.1

Action                   |  1- 3 |  4- 6 || total
-------------------------+-------+-------++-------
Melee: Dagger            |    92 |    88 ||   180
Invok: Curse Item        |       |     2 ||     2
 Stab: Sleeping          |    16 |     6 ||    22
  Eat: Chunk             |     1 |     5 ||     6
Armor: Robe              |    12 |    17 ||    29
Dodge: Dodged            |    53 |    51 ||   104
